 Dungeon Crawl Stone Soup version 0.29-a0-317-gd16b76e6b1 (webtiles) character file.

Game seed: 4281775473076502565

55766 Flugkiller the Spry (level 14, -27/66 HPs)
             Began as a Felid Enchanter on Mar 30, 2022.
             Was a Believer of Uskayaw.
             Annihilated by a frost giant
             ... wielding a +2 battleaxe of freezing
              (44 damage)
             ... in an ice cave.
             The game lasted 01:35:54 (48418 turns).

Flugkiller the Spry (Felid Enchanter)              Turns: 48418, Time: 01:35:54

Health: -27/66     AC:  3    Str:  4    XL:     14   Next: 39%
Magic:  24/24      EV: 28    Int: 24    God:    Uskayaw [**....]
Gold:   710        SH:  0    Dex: 17    Spells: 3/25 levels left
                                        Lives:  0   Deaths: 3

rFire   x . .      SeeInvis +     - Unarmed
rCold   + + .      Faith    +   (shield unavailable)
rNeg    . . .      Spirit   .   (body armour unavailable)
rPois   .          Reflect  .   (helmet unavailable)
rElec   .          Harm     .   (cloak unavailable)
rCorr   .          Rampage  .   (gloves unavailable)
Will    ++...                   (boots unavailable)
Stlth   ++++......              E - amulet of faith
HPRegen 0.21/turn               I - ring of wizardry
MPRegen 0.19/turn               k - ring of ice

@: silenced, quick
A: very small, claws 1, fangs 3, see invisible, speed 1, shaggy fur 3, stealthy
paws, no weapons or thrown items, no armour, multi-lived
a: Renounce Religion


You were in an ice cave.
You worshipped Uskayaw.
Uskayaw was noncommittal.
You visited 6 branches of the dungeon, and saw 28 of its levels.
You visited 1 bazaar.
You also visited: Ice Cave and Volcano.

You collected 2945 gold pieces.
You spent 2235 gold pieces at shops.

Inventory:

Jewellery
 f - a ring of protection from fire
   (You found it on level 5 of the Lair of Beasts)
 i - the ring "Decaf" {rElec rC- Dex+6 Slay+4}
   (You found it on level 8 of the Dungeon)

   [ring of slaying]

   Dex:       It affects your dexterity (+6).
   Slay:      It affects your accuracy & damage with ranged weapons and melee
   (+4).
   rC:        It makes you vulnerable to cold.
   rElec:     It insulates you from electricity.
 j - a +4 ring of slaying
   (You found it on level 4 of the Dungeon)
 k - a ring of ice (right paw)
   (You found it on level 3 of the Dungeon)
 o - a ring of poison resistance
   (You acquired it on level 2 of the Orcish Mines)
 p - a ring of protection from fire
   (You found it on level 4 of the Lair of Beasts)
 v - a +4 ring of protection
   (You found it on level 12 of the Dungeon)
 E - an amulet of faith (around neck)
   (You found it on level 9 of the Dungeon)
 F - a ring of flight
   (You took it off an orc on level 7 of the Dungeon)
 I - a ring of wizardry (left paw)
   (You found it on level 10 of the Dungeon)
 Q - a +6 ring of strength
   (You found it on level 5 of the Dungeon)
Wands
 z - a wand of flame (51)
   (You took it off Blork the orc on level 4 of the Dungeon)
 G - a wand of digging (7)
   (You found it on level 10 of the Dungeon)
 J - a wand of paralysis (6)
   (You bought it in a shop in a bazaar)
 K - a wand of polymorph (11)
   (You found it on level 1 of the Lair of Beasts)
 L - a wand of charming (3)
   (You bought it in a shop in a bazaar)
 T - a wand of iceblast (7)
   (You bought it in a shop on level 7 of the Dungeon)
Scrolls
 h - 3 scrolls of amnesia
 m - a scroll of torment
 t - 11 scrolls of teleportation
 u - a scroll of summoning
 x - 4 scrolls of vulnerability
 y - 2 scrolls of holy word
 H - 2 scrolls of fog
 M - a scroll of immolation
 N - 2 scrolls of magic mapping
Potions
 a - 4 potions of invisibility
 c - 2 potions of berserk rage
 d - 4 potions of might
 e - 4 potions of brilliance
 g - 7 potions of magic
 l - 5 potions of flight
 n - a potion of resistance
 q - a potion of curing
 s - a potion of ambrosia
 A - 3 potions of cancellation
 B - 4 potions of mutation
 O - a potion of haste
 S - a potion of attraction
Miscellaneous
 r - a phial of floods
   (You found it on level 2 of the Snake Pit)
 D - a tin of tremorstones (2/2)
   (You found it on level 9 of the Dungeon)
 R - a box of beasts
   (You found it on level 13 of the Dungeon)


   Skills:
 - Level 10.0 Fighting
 - Level 15.0 Dodging
 - Level 12.0 Stealth
 - Level 15.0 Unarmed Combat
 - Level 6.0 Spellcasting
 - Level 8.0 Hexes
 - Level 13.0 Transmutations
 - Level 2.0 Ice Magic
 + Level 12.1 Air Magic
 - Level 4.0 Poison Magic
 - Level 5.0 Invocations
 - Level 5.0 Evocations


You had 3 spell levels left.
You knew the following spells:

 Your Spells              Type           Power      Damage    Failure   Level
a - Ensorcelled Hibernat  Hex/Ice        92%        N/A       1%          2
b - Tukima's Dance        Hex            45%        N/A       1%          3
c - Confusing Touch       Hex            45%        N/A       1%          3
d - Spider Form           Tmut/Pois      48%        N/A       1%          3
e - Storm Form            Tmut/Air       30%        N/A       16%         7
f - Ice Form              Ice/Tmut       59%        N/A       1%          4

Your spell library contained the following spells:

 Spells                   Type           Power      Damage    Failure   Level
 Beastly Appendage        Tmut           100%       N/A       1%          1
 Shock                    Conj/Air       100%       1d9       1%          1
 Sting                    Tmut/Pois      100%       1d8       1%          1
 Passwall                 Tmut/Erth      31%        N/A       1%          2
 Poisonous Vapours        Pois/Air       90%        N/A       1%          2
 Wereblood                Tmut           62%        N/A       1%          2
 Dazzling Flash           Conj/Hex       52%        N/A       1%          3
 Swiftness                Air            60%        N/A       1%          3
 Sandblast                Erth           14%        2d6       3%          1
 Blink                    Tloc           14%        N/A       4%          2
 Frozen Ramparts          Ice            50%        1d7       4%          3
 Stone Arrow              Conj/Erth      14%        3d7       10%         3
 Airstrike                Air            30%        N/A       1%          4
 Anguish                  Hex/Necr       13%        N/A       6%          4
 Olgreb's Toxic Radiance  Pois           26%        N/A       6%          4
 Summon Ice Beast         Ice/Summ       18%        N/A       21%         4
 Animate Dead             Necr           3%         N/A       30%         4
 Borgnjor's Vile Clutch   Necr/Erth      3%         N/A       61%         5
 Manifold Assault         Tloc           7%         N/A       61%         5
 Death Channel            Necr           3%         N/A       99%         6
 Lehudib's Crystal Spear  Conj/Erth      3%         10d3      100%        8
 Animate Armour           Summ/Erth      Unusable   N/A       N/A         4

Dungeon Overview and Level Annotations

Branches:
Dungeon (15/15)            Temple (1/1) D:4            Lair (6/6) D:11
  Swamp (1/4) Lair:2        Snake (3/4) Lair:2        Slime (0/5) Lair:5
    Orc (2/2) D:11            Elf (0/3) Orc:2        Vaults (0/5) D:14
 Depths (0/4) D:15          IceCv (1/1)             Volcano (visited)

Altars:
Ashenzari
Cheibriados
Dithmenos
Elyvilon
Fedhas
Gozag
Hepliaklqana
Kikubaaqudgha
Makhleb
Nemelex Xobeh
Okawaru
Qazlal
Ru
Sif Muna
Trog
Uskayaw
Vehumet
Wu Jian
Xom
Yredelemnul
Zin
The Shining One

Shops:
D:7 *   D:9 ::?   Orc:2 ([:*   Snake:2 (   Snake:3 [

Annotations:
D:3 2 transporters, exclusions: 2 orcs and 2 orc priests, oberejnoburuli's ghost, amateur DEHu
D:4 Dowan
D:5 exclusions: orc, orc priest and water moccasin
D:9 exclusion: upstairs
D:12 exclusion: downstairs
D:13 exclusions: lava snake, 4 molten gargoyles and 2 skeletal warriors
D:14 1 runed translucent door, Ekhlusag's ghost, journeyman MfGl
Lair:4 1 runed translucent door, Niulora's ghost, journeyman TeCj
Lair:5 exclusions: black mamba and 2 oklob plants
Lair:6 exclusion: oklob plant
Snake:1 exclusion: naga sharpshooter, Aizul
Snake:2 exclusions: anaconda, 3 black mambas, downstairs and naga warrior


Innate Abilities, Weirdness & Mutations

You have sharp claws.
You have razor-sharp teeth.
You have supernaturally acute eyesight. (SInv)
You cover ground quickly. (Speed+)
Your thick and shaggy fur keeps you warm. (AC +3, rC+)
Your paws help you pounce on unaware monsters.
You are incapable of wielding weapons or throwing items.
You cannot wear armour.
You gain extra lives every three experience levels.


Message History

The ironbound frostheart shouts!
You hear a deafening roar!
You hear an angry hiss.
You hear a shout! x2
You hear a horrible gurgling sound!
You hear a shout!
The ironbound frostheart barely misses you.
You buffet the ironbound frostheart!
The ironbound frostheart is lightly wounded.
You batter the ironbound frostheart!!
The ironbound frostheart is heavily wounded.
The ironbound frostheart closely misses you.
You can now pass through a line of other dancers.
You batter the ironbound frostheart!! You punch the ironbound frostheart.
The ironbound frostheart is almost dead.
The ironbound frostheart calls freezing cold from the walls.
The frost grips you!! You partially resist.
You are encased in ice.
You hit the ironbound frostheart but do no damage.
Lightning courses through the ironbound frostheart!!
You kill the ironbound frostheart!
You start resting.
The ice encasing you melts away.
Your transformation is almost over.
Your transformation has ended.
HP restored.
Casting: Storm Form (quite dangerous; 16% risk of failure)
Confirm with . or Enter, or press ? or * to list all spells.
The spell is quite dangerous to miscast (16% risk of failure)!
Continue anyway?
You turn into a lightning-filled tempest!
Unknown command.
You start resting.
Your transformation is almost over.
Your transformation has ended.
Magic restored.
Okay, then.
You see here a +0 ring mail.
Casting: Storm Form (quite dangerous; 16% risk of failure)
Confirm with . or Enter, or press ? or * to list all spells.
The spell is quite dangerous to miscast (16% risk of failure)!
Continue anyway?
You turn into a lightning-filled tempest!
You hear a shout!
You hear a deafening roar!
The frost giant gestures at you while chanting.
The bolt of cold misses you. The frost giant casts a spell at you.
The bolt of cold misses you.
The frost giant points at you and mumbles some strange words.
The bolt of cold hits you! You resist.
You see here a rime drake skeleton.
You see here an ice dragon skeleton.
You start resting.
A frost giant is nearby!
You hit the frost giant but do no damage.
The frost giant completely misses you.
You buffet the frost giant!
The frost giant is lightly wounded.
The frost giant points at you and mumbles some strange words.
The bolt of cold misses you.
You hit the frost giant but do no damage.
You punch the frost giant!
The frost giant is moderately wounded.
You hit the frost giant but do no damage.
Lightning courses through the frost giant!
The frost giant is moderately wounded.
You can now pass through a line of other dancers.
You completely miss the frost giant.
The frost giant is moderately wounded.
You buffet the frost giant!
The frost giant hits you with a +2 battleaxe of freezing!!
The frost giant freezes you.
The frost giant gestures at you while chanting.
The bolt of cold hits you but does no damage.
The frost giant attacks as you move away!
The frost giant hits you with a +2 battleaxe of freezing.
* * * LOW HITPOINT WARNING * * *
The frost giant freezes you.
* * * LOW HITPOINT WARNING * * *
The frost giant points at you and mumbles some strange words.
The bolt of cold misses you. The frost giant casts a spell at you.
The bolt of cold misses you.
Unknown command.
Unknown command.
Okay, then.
Okay, then.
Press: ? - help, v - describe, . - travel, g - get item
Here: a frost giant, wielding a +2 battleaxe of freezing (lightly wounded) Item here: a rime drake skeleton.
The floor, spattered with blood.
Unknown command.
Unknown command.
As you read the scroll of silence, it crumbles to dust.
A profound silence engulfs you.
Unknown command.
Aiming: Blinkbolt
Press: ? - help, Dir - move target You see nothing there to target!
Unknown command.
Unknown command.
Your transformation has ended.
The frost giant hits you with a +2 battleaxe of freezing!!!
Ouch! That really hurt!
You die...

...#....####
#######....####
# ####..C.###
###.C..###
###....###
###....#
###รท.#
####C.##
####..@C##
####......##
##....#.####
##...#####
##...##
##....###
#.......###
#.##..[....###
##.#
##........##


You could see 2 frost giants.

Vanquished Creatures
  An orc warlord (Orc:2)
  A white draconian (IceCv)
  A red draconian (Volcano)
  Snorg (D:10)
  A salamander tyrant (Snake:2)
  Fannar (D:10)
  4 ice dragons (IceCv)
  A vault guard (D:14)
  A boulder beetle (Lair:2)
  A catoblepas (Lair:3)
  3 naga warriors
  10 hydras
  2 anacondas
  5 ironbound frosthearts (IceCv)
  Erica (Lair:1)
  3 centaur warriors
  12 death yaks
  3 two-headed ogres
  3 alligators (Swamp:1)
  2 tengu warriors
  4 shock serpents
  2 naga sharpshooters
  Amaemon (Lair:2)
  A swamp dragon (Snake:3)
  2 salamander mystics
  2 naga ritualists (Snake:2)
  2 goliath frogs (Swamp:1)
  A lindwurm (Lair:6)
  4 orc knights
  An orange crystal statue (IceCv)
  A wizard (D:14)
  3 deep elf pyromancers
  18 ugly things
  4 mana vipers (Snake:2)
  7 orc sorcerers
  7 cyclopes
  6 elephants (Lair:4)
  10 salamanders
  25 black mambas
  8 naga magi
  4 guardian serpents
  An orange demon (Lair:2)
  15 cane toads
  3 gargoyles
  3 kobold demonologists
  An unseen horror (D:11)
  14 rime drakes
  An unseen horror (shapeshifter) (D:14)
  A tengu conjurer (D:15)
  13 komodo dragons
  7 trolls
  A polar bear (shapeshifter) (D:13)
  A tyrant leech (Lair:2)
  10 polar bears
  6 hornets
  9 slime creatures
  A dream sheep (Lair:6)
  3 blink frogs (Lair:3)
  A culicivora (shapeshifter) (D:14)
  16 spriggans (Lair:6)
  3 wyverns
  A shadow (D:13)
  2 wraiths
  2 basilisks
  A vampire (D:12)
  A dancing weapon (Orc:2)
  10 humans (D:14)
  44 yaks
  A steam dragon (D:9)
  6 vampire mosquitoes
  19 nagas
  7 wargs
  5 acid dragons
  4 swamp worms
  12 water moccasins
  2 hell hounds (Lair:4)
  30 orc warriors
  A sky beast (D:5)
  2 ice beasts
  5 black bears
  3 boggarts (Lair:6)
  39 wolves
  5 centaurs
  4 ogres
  3 kobold brigands
  A phantom (D:4)
  Blork the orc (D:4)
  11 bullfrogs
  3 gnoll sergeants
  A necrophage (D:4)
  3 scorpions
  3 wights (D:8)
  A crimson imp (D:12)
  2 howler monkeys (D:12)
  2 lava snakes (D:7)
  A hound (D:7)
  A jelly (D:3)
  A gnoll shaman (D:9)
  17 orc priests
  6 iguanas
  16 orc wizards
  7 hell rats
  23 gnolls
  9 adders
  2 shadow imps (D:5)
  A white imp (D:12)
  4 worms
  3 dart slugs
  60 orcs
  7 endoplasms
  5 giant cockroaches
  4 goblins
  9 hobgoblins
  17 kobolds
  4 quokkas
  2 ball pythons
  6 bats
  A frilled lizard (D:3)
  3 rats
726 creatures vanquished.

Vanquished Creatures (collateral kills)
  A two-headed ogre (D:11)
  An orc knight (Orc:2)
  2 salamanders
  2 wargs
  An ogre (D:6)
  A wight (D:8)
  An orc wizard (D:11)
  4 gnolls
13 creatures vanquished.

Vanquished Creatures (others)
  A human (D:14)
  12 dancing weapons
  2 bushes
  60 fungi
  38 plants
113 creatures vanquished.

Grand Total: 852 creatures vanquished

Notes
Turn   | Place    | Note
-------+----------+-------------------------------------------
     0 | D:1      | Flugkiller the Felid Enchanter began the quest for the Orb.
     0 | D:1      | Reached XP level 1. HP: 7/7 MP: 4/4
   822 | D:1      | Found a faded altar of an unknown god.
   829 | D:1      | Reached skill level 1 in Fighting
   835 | D:1      | Got Plato's Reference Book on Air
   848 | D:1      | Reached XP level 2. HP: 12/12 MP: 6/6
   851 | D:1      | Learned a level 2 spell: Ensorcelled Hibernation
  1439 | D:1      | Reached XP level 3. HP: 15/16 MP: 7/7
  1993 | D:2      | Reached skill level 5 in Stealth
  2191 | D:2      | Reached XP level 4. HP: 15/19 MP: 8/8
  2261 | D:2      | Reached skill level 1 in Ice Magic
  3289 | D:3      | Found a transporter.
  3291 | D:3      | Noticed oberejnoburuli's ghost (amateur DEHu)
  3538 | D:3      | Reached XP level 5. HP: 23/23 MP: 6/9
  3805 | D:3      | Found a transporter.
  4280 | D:4      | Noticed Dowan
  4611 | D:3      | Learned a level 3 spell: Confusing Touch
  4646 | D:4      | Gained mutation: You are covered in thick fur. (AC +2)
                  | [Felid growth]
  4646 | D:4      | Reached XP level 6. HP: 13/28 MP: 5/10
  4851 | D:4      | Found a staircase to the Ecumenical Temple.
  5085 | D:4      | Noticed Blork the orc
  5173 | D:4      | Killed Blork the orc
  5174 | D:4      | Reached skill level 5 in Dodging
  5260 | Temple   | Entered the Ecumenical Temple
  5511 | D:4      | Reached XP level 7. HP: 32/32 MP: 8/11
  5922 | D:4      | Reached skill level 5 in Unarmed Combat
  5924 | D:4      | Reached skill level 1 in Evocations
  6198 | D:5      | Entered Level 5 of the Dungeon
  6442 | D:5      | Reached skill level 5 in Hexes
  6446 | D:5      | Found an ornate altar of the Wu Jian Council.
  6450 | D:5      | Reached XP level 8. HP: 36/36 MP: 8/12
  6458 | D:5      | Found an opulent altar of Gozag.
  6459 | D:5      | Found a broken altar of Ashenzari.
  6460 | D:5      | Found an ancient bone altar of Kikubaaqudgha.
  6460 | D:5      | Found a sacrificial altar of Ru.
  6462 | D:5      | Found a shimmering altar of Xom.
  6465 | D:5      | Found a burning altar of Makhleb.
  7609 | D:6      | You fall into a shaft and drop 3 floors!
  7954 | D:8      | Reached skill level 5 in Fighting
  8224 | D:9      | Learned a level 3 spell: Tukima's Dance
  8524 | D:9      | Reached XP level 9. HP: 30/40 MP: 7/14
  8602 | D:9      | Noticed a two-headed ogre
  8990 | D:7      | Noticed a kobold demonologist
  9723 | D:7      | Found Epsem's Assorted Antiques.
 10634 | D:7      | Killed a kobold demonologist
 10830 | D:7      | Reached skill level 5 in Evocations
 11216 | D:7      | Bought a glowing grey potion for 28 gold pieces
 11476 | D:8      | Found a blossoming altar of Fedhas.
 11513 | D:8      | Found a shadowy altar of Dithmenos.
 11517 | D:8      | Found a hide-covered altar of Uskayaw.
 11517 | D:8      | Found a sparkling altar of Nemelex Xobeh.
 12418 | D:8      | Reached XP level 10. HP: 37/44 MP: 13/15
 13519 | D:9      | Killed a two-headed ogre
 13721 | D:9      | Reached skill level 10 in Stealth
 13757 | D:9      | Found Keeguapno's Magic Scroll Shoppe.
 13759 | D:9      | Found Faibrise's General Store.
 13761 | D:9      | Found Epiuczaw's Book Shoppe.
 13762 | D:9      | Found Zuskoq's Book Shoppe.
 13846 | D:8      | Got the Handbook of the Mountains
 13875 | D:8      | Identified the ring "Decaf" {rElec rC- Dex+6 Slay+4}
 13949 | D:8      | Became a worshipper of Uskayaw the Reveller
 14054 | D:9      | Reached * piety under Uskayaw
 14085 | D:9      | Reached ** piety under Uskayaw
 14129 | D:9      | Bought a scroll of fear for 56 gold pieces
 14129 | D:9      | Bought a scroll of identify for 32 gold pieces
 14129 | D:9      | Bought a scroll of identify for 32 gold pieces
 14721 | D:10     | Entered Level 10 of the Dungeon
 14740 | D:10     | Reached *** piety under Uskayaw
 14741 | D:10     | Reached **** piety under Uskayaw
 14746 | D:10     | Noticed a centaur warrior
 14756 | D:10     | Killed a centaur warrior
 14757 | D:10     | Reached skill level 10 in Dodging
 14837 | D:10     | Noticed Snorg
 14945 | D:9      | Reached XP level 11. HP: 39/49 MP: 8/16
 15215 | D:10     | Found a bloodstained altar of Trog.
 15271 | D:10     | Found a white marble altar of Elyvilon.
 15648 | D:9      | Bought a book of Changes for 288 gold pieces
 15652 | D:9      | Learned a level 3 spell: Spider Form
 15693 | D:11     | Found a staircase to the Lair.
 15745 | D:10     | Killed Snorg
 15746 | D:10     | Reached skill level 1 in Transmutations
 15746 | D:10     | Reached skill level 1 in Poison Magic
 15792 | D:11     | Noticed a two-headed ogre
 15793 | D:11     | Noticed Fannar
 16193 | D:11     | Identified the +4 trident of Deur {flame, rPois}
 16264 | D:11     | Noticed a two-headed ogre
 16316 | D:11     | Killed a two-headed ogre
 16470 | D:11     | Killed a two-headed ogre
 16559 | D:11     | Found a staircase to the Orcish Mines.
 17075 | D:11     | Noticed a tengu warrior
 17410 | Lair:1   | Entered Level 1 of the Lair of Beasts
 17540 | Lair:1   | Reached skill level 5 in Transmutations
 17618 | Lair:1   | Noticed Erica
 18000 | Lair:1   | Killed Erica
 18303 | Lair:2   | Noticed Amaemon
 18447 | Lair:2   | Noticed a boulder beetle
 18453 | Lair:2   | Killed a boulder beetle
 18454 | Lair:2   | Reached skill level 10 in Unarmed Combat
 18454 | Lair:2   | Reached skill level 1 in Invocations
 18533 | Lair:2   | Found a staircase to the Snake Pit.
 18682 | Lair:2   | Found a staircase to the Swamp.
 18861 | Lair:2   | Gained mutation: Your thick and shaggy fur keeps you warm.
                  | (AC +3, rC+) [Felid growth]
 18861 | Lair:2   | Reached XP level 12. HP: 48/54 MP: 14/17
 19443 | Lair:3   | Reached ***** piety under Uskayaw
 19585 | Lair:3   | Noticed Nergalle
 20126 | Lair:3   | Noticed Nergalle
 20126 | Lair:3   | Nergalle changed into Nergalle the guardian serpent
 20144 | Lair:3   | Killed Nergalle the guardian serpent
 20448 | Lair:3   | Noticed a catoblepas
 20480 | Lair:3   | Killed a catoblepas
 21717 | Lair:4   | Found a runed translucent door.
 21720 | Lair:4   | Identified the +6 trident "Nounk" {vamp, Str+3}
 21723 | Lair:4   | Noticed Niulora's ghost (journeyman TeCj)
 21861 | Lair:4   | Reached skill level 5 in Invocations
 21880 | Lair:4   | Found a dark tunnel.
 21924 | Volcano  | Entered a volcano
 21972 | Volcano  | Found a burning altar of Makhleb.
 21973 | Volcano  | Noticed a red draconian
 22198 | Volcano  | Killed a red draconian
 22477 | Lair:4   | Reached XP level 13. HP: 54/60 MP: 2/18
 23657 | Lair:5   | Found a staircase to the Slime Pits.
 24211 | Lair:6   | Entered Level 6 of the Lair of Beasts
 24213 | Lair:6   | Noticed Sonja
 24217 | Lair:6   | Noticed Sonja
 24217 | Lair:6   | Sonja changed into Sonja the naga
 24225 | Lair:6   | Killed Sonja the naga
 24581 | Lair:5   | Reached skill level 10 in Fighting
 25679 | Lair:6   | Reached skill level 15 in Dodging
 25923 | Lair:6   | Reached ****** piety under Uskayaw
 26113 | Lair:6   | Demolished by a spriggan rider
 26114 | Lair:6   | Reached XP level 12. HP: -17/58 MP: 17/17
 26241 | Lair:6   | Killed a six-headed hydra
 26256 | Lair:6   | Reached XP level 13. HP: 13/61 MP: 6/18
 27440 | Lair:6   | Reached skill level 15 in Unarmed Combat
 27574 | Lair:6   | Learned a level 7 spell: Storm Form
 27675 | Lair:6   | Reached skill level 1 in Air Magic
 27930 | Lair:6   | Identified the amulet "Uhabadgh" {Acrobat Fly}
 30173 | D:13     | Reached XP level 14. HP: 23/66 MP: 19/22
 31468 | D:14     | Reached skill level 5 in Spellcasting
 31639 | D:14     | Found a runed translucent door.
 31640 | D:14     | Found a shimmering altar of Xom.
 31640 | D:14     | Noticed Ekhlusag's ghost (journeyman MfGl)
 31641 | D:14     | Found a gateway to a bazaar.
 32191 | D:14     | Found a gate to the Vaults.
 33051 | D:14     | Found a glowing silver altar of Zin.
 33052 | D:14     | Noticed an angel
 33269 | D:15     | Entered Level 15 of the Dungeon
 33306 | D:15     | Reached skill level 5 in Air Magic
 33417 | D:15     | Found a staircase to the Depths.
 33590 | Orc:1    | Entered Level 1 of the Orcish Mines
 34916 | Orc:2    | Entered Level 2 of the Orcish Mines
 34916 | Orc:2    | Noticed an orc warlord
 34967 | Orc:2    | Reached skill level 10 in Transmutations
 36041 | Orc:2    | Found Teesel's Antique Armour Boutique.
 36045 | Orc:2    | Found Jiholes's Antique Weapon Shop.
 36889 | Orc:2    | Found Yxi Doah's Book Shop.
 36925 | Orc:2    | Found Waajull's General Store.
 37031 | Orc:2    | Found a burning altar of Makhleb.
 37097 | Orc:2    | Found a staircase to the Elven Halls.
 37230 | Orc:2    | Killed an orc warlord
 37481 | Bazaar   | Entered a bazaar
 37481 | Bazaar   | Found Xyloofir's Distillery.
 37481 | Bazaar   | Found Loru's Distillery.
 37513 | Bazaar   | Found Ommorgh's Weapon Emporium.
 37528 | Bazaar   | Found Uli Cuix's Armour Shoppe.
 37591 | Bazaar   | Found Zemniasu's General Store.
 37624 | Bazaar   | Bought a potion of resistance for 110 gold pieces
 37624 | Bazaar   | Bought a potion of mutation for 88 gold pieces
 37649 | Bazaar   | Bought 2 potions of cancellation for 272 gold pieces
 37649 | Bazaar   | Bought a wand of paralysis (6) for 136 gold pieces
 37649 | Bazaar   | Bought a wand of charming (3) for 85 gold pieces
 37850 | Orc:2    | Bought a scroll of acquirement for 884 gold pieces
 37852 | Orc:2    | Acquired a ring of poison resistance
 37939 | Snake:1  | Entered Level 1 of the Snake Pit
 38942 | Snake:1  | Reached XP level 15. HP: 26/69 MP: 20/25
 39555 | Snake:1  | Noticed Aizul
 39994 | Snake:1  | HP: 2/69 [salamander mystic/+0 dagger (14)]
 40412 | Snake:2  | Found Buyl's Antique Weapon Emporium.
 40651 | Snake:1  | Learned a level 4 spell: Ice Form
 41143 | D:10     | Killed Fannar
 41469 | D:7      | Bought a potion of curing for 96 gold pieces
 41469 | D:7      | Bought a wand of iceblast (7) for 128 gold pieces
 43417 | Snake:2  | HP: 3/82 [mana viper (11)]
 43765 | Snake:2  | Slain by a salamander
 43766 | Snake:2  | Reached XP level 14. HP: 0/79 MP: 22/24
 44403 | Snake:2  | HP: 1/99 [black mamba (10)]
 45067 | Snake:3  | Found Xuukarar's Superior Scales.
 46264 | Lair:2   | Killed Amaemon
 46402 | Swamp:1  | Entered Level 1 of the Swamp
 46424 | Swamp:1  | Found a frozen archway.
 46632 | Swamp:1  | Reached skill level 10 in Air Magic
 46884 | IceCv    | Entered an ice cave
 46891 | IceCv    | Reached XP level 15. HP: 33/69 MP: 20/25
 47094 | IceCv    | Killed from afar by an ice dragon
 47095 | IceCv    | Reached XP level 14. HP: 0/66 MP: 15/24
 47692 | IceCv    | Noticed a frost giant
 47692 | IceCv    | Noticed a frost giant
 47692 | IceCv    | Noticed a frost giant
 48196 | IceCv    | Noticed a frost giant
 48418 | IceCv    | Annihilated by a frost giant

Illustrated notes

Levels and vault maps discovered:
D:1:      tarquinn_simple_flora_water_a, layout_loops_corners,
          shapermc_ecumenical_altar_rom_forum
D:2:      layout_loops_cross
D:3:      layout_loops_ring, gammafunk_ghost_mausoleum
D:4:      layout_cave_pods, minmay_temple_entry_glassed_door,
          uniq_blork_the_orc, uniq_duvessa
D:5:      layout_basic, minitemple, ebering_dispersal_statue_hall
D:6:      layout_loops_corners, serial_aquarium, aquarium_bridge_long_separate
          [aquarium_subvault_bridge, aquarium_subvault_balcony,
          aquarium_subvault_bridge, aquarium_subvault_bridge,
          aquarium_subvault_wall, aquarium_subvault_bridge],
          aquarium_bridge_square [aquarium_subvault_window,
          aquarium_subvault_bridge, aquarium_subvault_balcony,
          aquarium_subvault_bridge], aquarium_window_fake, aquarium_window_fake,
          aquarium_window_corridor_1, aquarium_view_2f, aquarium_pool_double
D:7:      layout_layer_cave, serial_shops, nicolae_inconvenience_store,
          chequers_serial_rivers_room_b, kb_lookout_dungeons_type,
          chequers_serial_rivers_small_3
D:8:      minmay_weird_star, layout_layer_cave, grunt_temple_overflow_open
D:9:      layout_gridville, minmay_shop_grid_forest
D:10:     layout_cave_pools, mainiacjoe_overflow_two_lobes, lemuel_old_faithful,
          uniq_snorg
D:11:     layout_roguey, erik_lair_orcish_takeover,
          chequers_serial_rivers_marsh, uniq_fannar
D:12:     layout_stronghold, minmay_fire_ice_demons
D:13:     layout_loops_cross, minivault_8
D:14:     layout_stronghold, ximxim_vaults_locker_room, zin_angel,
          ebering_ghost_xom, serial_shops, bzr_entry_water,
          minmay_fractal_squares_gapless_5
D:15:     gammafunk_depths_entry_grave, layout_cave_pods,
          nicolae_concentric_dashed_squares_mild, muffindrake_ghost_dual_entry,
          glass_columns_b, nicolae_benzene_ring, lemuel_flamethrower_3
Temple:   jpeg_temple_island
Lair:1:   layout_concentric_octagons, uniq_erica
Lair:2:   layout_loops_ring, minmay_swamp_entry_worms,
          minmay_snake_entry_guardpost_medium, uniq_amaemon
Lair:3:   layout_layer_cave, grunt_megastairs_1, uniq_nergalle
Lair:4:   layout_gridlike, ebering_ghost_funeral_grove, enter_volcano_3
Lair:5:   layout_hall_layers, minmay_slime_entry_oklob_open, minivault_26,
          infiniplex_staircase_pool
Lair:6:   minmay_lair_end_enchanted_forest, layout_long_grid,
          serial_bayou_shore_a, grunt_megastairs_3, uniq_sonja
Swamp:1:  nicolae_swamp_secret_spriggan_hideout, layout_basic_swamp,
          portal_ice_cave_entry_ugly_swarm, evilmike_swamp_ruin_rubble_2
Snake:1:  layout_layer_cave, uniq_aizul
Snake:2:  layout_basic, serial_shops, shop, nicolae_snake_round_shape_thing,
          drop_trap, grunt_ministairs_15, serial_bayou_shore_b
Snake:3:  nicolae_snakescales, layout_misc_corridors, hellmonk_scale_shop
Orc:1:    layout_caves, mines2_lemuel
Orc:2:    grunt_orc_gardens, layout_caves, grunt_orc_garden, grunt_orc_garden,
          grunt_orc_garden, grunt_orc_garden, basic_altar
IceCv:    ice_cave_small_giant

Skill      XL: |  1  2  3  4  5  6  7  8  9 10 11 12 13 14 15 |
---------------+----------------------------------------------+-----
Fighting       | 1 2 3 4 5 6 7 9 10 | 10.0
Unarmed Combat | 2 3 4 5 7 8 9 10 14 15 | 15.0
Stealth        | 5 9 10 11 12 | 12.0
Ice Magic      | 1 2 |  2.0
Dodging        | 3 4 5 7 8 10 11 13 15 | 15.0
Evocations     | 3 5 |  5.0
Hexes          | 5 7 8 |  8.0
Spellcasting   | 3 4 6 |  6.0
Transmutations | 7 8 13 12 | 13.0
Poison Magic   | 4 |  4.0
Invocations    | 2 5 |  5.0
Air Magic      | 3 12 11 | 12.1

Action                   |  1- 3 |  4- 6 |  7- 9 | 10-12 | 13-15 || total
-------------------------+-------+-------+-------+-------+-------++-------
Melee: Unarmed           |    76 |   132 |   153 |   335 |  1262 ||  1958
       Bite              |    11 |    12 |    11 |    32 |    48 ||   114
       Punch             |       |     1 |     3 |    22 |    58 ||    84
 Cast: Ensorcelled Hiber |    12 |    36 |    96 |   137 |   123 ||   404
       Confusing Touch   |       |     3 |     6 |     8 |    13 ||    30
       Tukima's Dance    |       |       |    17 |    20 |    48 ||    85
       Spider Form       |       |       |       |     3 |    69 ||    72
       Ice Form          |       |       |       |       |    21 ||    21
       Storm Form        |       |       |       |       |    12 ||    12
Invok: Stomp             |       |       |       |     4 |    13 ||    17
       Line Pass         |       |       |       |       |     4 ||     4
 Abil: End Transformatio |       |       |       |       |    10 ||    10
       Blinkbolt         |       |       |       |       |     3 ||     3
Evoke: Wand              |       |       |     1 |    14 |    17 ||    32
       Tin of tremorston |       |       |       |       |     2 ||     2
  Use: Potion            |       |     1 |       |     3 |    19 ||    23
       Scroll            |       |       |     9 |    11 |    17 ||    37
 Stab: Sleeping          |    12 |    27 |    48 |    77 |    98 ||   262
       Confused          |       |     1 |     1 |     2 |    11 ||    15
       Paralysed         |       |       |     1 |    14 |    84 ||    99
       Distracted        |       |       |       |     2 |     4 ||     6
Armor: Skin              |     4 |     7 |     3 |     8 |    79 ||   101
Dodge: Dodged            |    59 |    84 |    98 |   299 |  1255 ||  1795

Table legend: (Time is in decaauts)
 A = Elapsed time spent in this place.
 B = Non-inter-level travel time spent in this place.
 C = Inter-level travel time spent in this place.
 D = Time resting spent in this place.
 E = Time spent auto-exploring this place.
 F = Levels seen in this place.
 G = Mean time per level.
                   A        B        C        D        E       F      G
               +--------+--------+--------+--------+--------+-----+--------+
         Total |  43459 |  41102 |   2357 |  19510 |  12592 |  31 | 1401.9 |
       Dungeon |  20793 |  19360 |   1433 |   8189 |   7214 |  15 | 1386.2 |
        Temple |    160 |    132 |     28 |    100 |     22 |   1 |  160.0 |
          Lair |  11401 |  10881 |    520 |   5120 |   3449 |   6 | 1900.2 |
         Swamp |     88 |     88 |      0 |      0 |      0 |   1 |   88.0 |
     Snake Pit |   6021 |   5792 |    229 |   3706 |    876 |   3 | 2007.0 |
  Orcish Mines |   2938 |   2792 |    146 |   1253 |    738 |   2 | 1469.0 |
        Bazaar |    158 |    158 |      0 |      0 |     91 |   1 |  158.0 |
      Ice Cave |   1450 |   1450 |      0 |    922 |    143 |   1 | 1450.0 |
       Volcano |    446 |    446 |      0 |    218 |     56 |   1 |  446.0 |
               +--------+--------+--------+--------+--------+-----+--------+

Top non-repeatable levels by time:
 Snake:2: 2860 daAuts
  Lair:5: 2638 daAuts
  Lair:2: 2606 daAuts
 Snake:1: 2539 daAuts
     D:7: 2440 daAuts
  Lair:3: 2285 daAuts
     D:9: 2183 daAuts
  Lair:6: 2088 daAuts
    D:11: 1917 daAuts
    D:12: 1774 daAuts
   Orc:1: 1757 daAuts
     D:8: 1753 daAuts
    D:14: 1708 daAuts
     D:1: 1637 daAuts
   IceCv: 1450 daAuts
